% Time on Ice - UTAH ICE BEARS
Lines # - Real PCT - Wanted PCT - Time Play
Normal Forward
1 - 22% - 32% - 11:00
2 - 35% - 30% - 17:31
3 - 14% - 24% - 6:49
4 - 29% - 14% - 14:15
Normal Defense
1 - 23% - 28% - 11:32
2 - 34% - 27% - 16:44
3 - 29% - 24% - 14:37
4 - 14% - 21% - 6:42
PP Forward
1 - 56% - 55% - 1:23
2 - 44% - 45% - 1:06
PP Defense
1 - 57% - 53% - 1:25
2 - 43% - 47% - 1:04
PK Forward
1 - 68% - 55% - 5:22
2 - 32% - 45% - 2:34
PK Defense
1 - 51% - 55% - 4:04
2 - 49% - 45% - 3:52
PK3 Forward
1 - 0% - 55%
2 - 0% - 45%
PK3 Defense
1 - 0% - 55%
2 - 0% - 45%
44 Forward
1 - 0% - 50%
2 - 0% - 50%
44 Defense
1 - 0% - 55%
2 - 0% - 45%
Last Minute Offensive  - 0:00
Last Minute Defensive  - 0:00
Total
Forward - 60:00
Defense - 60:00
% Time on Ice - EDMONTON ICE
Lines # - Real PCT - Wanted PCT - Time Play
Normal Forward
1 - 33% - 36% - 16:11
2 - 30% - 34% - 14:44
3 - 29% - 24% - 14:20
4 - 9% - 6% - 4:20
Normal Defense
1 - 35% - 36% - 17:22
2 - 36% - 34% - 17:55
3 - 26% - 23% - 12:46
4 - 3% - 7% - 1:32
PP Forward
1 - 55% - 55% - 4:20
2 - 45% - 45% - 3:36
PP Defense
1 - 51% - 55% - 4:05
2 - 49% - 45% - 3:51
PK Forward
1 - 72% - 60% - 1:47
2 - 28% - 40% - 0:42
PK Defense
1 - 74% - 60% - 1:51
2 - 26% - 40% - 0:38
PK3 Forward
1 - 0% - 55%
2 - 0% - 45%
PK3 Defense
1 - 0% - 55%
2 - 0% - 45%
44 Forward
1 - 0% - 55%
2 - 0% - 45%
44 Defense
1 - 0% - 55%
2 - 0% - 45%
Last Minute Offensive  - 0:00
Last Minute Defensive  - 0:00
Total
Forward - 60:00
Defense - 60:00
Play-by-Play 1st period 0:01 of 1st period - Dominic Toninato wins face-off versus Valtteri Filppula in neutral zone. 0:07 of 1st period - Icing by Jeff Petry. 0:08 of 1st period - Valtteri Filppula wins face-off versus Alex Galchenyuk in EDMONTON ICE zone. 0:17 of 1st period - Troy Stecher is hit by Anthony Mantha. 1:32 of 1st period - Shot by Conor Sheary. 1:32 of 1st period - Stopped by Mitch Gillam with a rebound. 1:34 of 1st period - Shot by Jack Johnson. 1:34 of 1st period - Shot Blocked by Troy Stecher. 1:36 of 1st period - Shot by Conor Sheary. 1:36 of 1st period - Shot Blocked by T.J. Brodie. 1:55 of 1st period - Off-side. 1:56 of 1st period - Eric Fehr wins face-off versus Dominic Toninato in neutral zone. 2:10 of 1st period - Icing by Ondrej Kase. 2:11 of 1st period - Casey Mittelstadt wins face-off versus Ondrej Kase in EDMONTON ICE zone. 2:12 of 1st period - Shot by Artem Anisimov. 2:12 of 1st period - Shot Misses the Net. 2:15 of 1st period - Icing by Andrew MacDonald. 2:16 of 1st period - Eric Fehr wins face-off versus Andrew Mangiapane in EDMONTON ICE zone. 2:54 of 1st period - Off-side. 2:55 of 1st period - Devin Shore wins face-off versus Artem Anisimov in neutral zone. 3:14 of 1st period - Shot by Colton Parayko. 3:14 of 1st period - Goal by Colton Parayko - UTAH ICE BEARS : 0 - EDMONTON ICE : 1. 3:15 of 1st period - Dominic Toninato wins face-off versus Valtteri Filppula in neutral zone. 3:19 of 1st period - Minor Penalty to Jack Johnson for Holding. 3:20 of 1st period - Eric Fehr wins face-off versus Adam Mascherin in EDMONTON ICE zone. 3:20 of 1st period - Eric Fehr is hit by Michael Lindqvist. 3:40 of 1st period - Shot by Adam Mascherin. 3:40 of 1st period - Stopped by Jake Allen with a rebound. 4:10 of 1st period - Shot by Troy Stecher. 4:10 of 1st period - Stopped by Jake Allen with a rebound. 5:18 of 1st period - Shot by Alex Galchenyuk. 5:18 of 1st period - Stopped by Jake Allen with a rebound. 5:42 of 1st period - Shot by Patric Hornqvist. 5:42 of 1st period - Deflect By Conor Sheary. 5:42 of 1st period - Shot Misses the Net. 5:50 of 1st period - Patric Hornqvist is hit by Artem Anisimov and loses puck. 6:53 of 1st period - Shot by Tanner Pearson. 6:53 of 1st period - Shot Misses the Net. 7:11 of 1st period - Shot by Tanner Pearson. 7:11 of 1st period - Goal by Tanner Pearson - UTAH ICE BEARS : 0 - EDMONTON ICE : 2. 7:12 of 1st period - Dominic Toninato wins face-off versus Oscar Lindberg in neutral zone. 7:34 of 1st period - Shot by Oscar Lindberg. 7:34 of 1st period - Shot Blocked by Radim Simek. 8:32 of 1st period - Shot by Artem Anisimov. 8:32 of 1st period - Shot Misses the Net. 9:55 of 1st period - Off-side. 9:56 of 1st period - Oscar Lindberg wins face-off versus Casey Mittelstadt in neutral zone. 10:45 of 1st period - Shot by Anthony Mantha. 10:45 of 1st period - Shot Misses the Net. 11:23 of 1st period - Shot by Loui Eriksson. 11:23 of 1st period - Shot Misses the Net. 11:25 of 1st period - Shot by Eric Fehr. 11:25 of 1st period - Stopped by Mitch Gillam with a rebound. 11:27 of 1st period - Shot by Ondrej Kase. 11:27 of 1st period - Shot Misses the Net. 11:31 of 1st period - Shot by Loui Eriksson. 11:31 of 1st period - Shot Misses the Net. 11:33 of 1st period - Shot by Andrew MacDonald. 11:33 of 1st period - Stopped by Mitch Gillam without a rebound. 11:34 of 1st period - Alex Galchenyuk wins face-off versus Devin Shore in UTAH ICE BEARS zone. 12:47 of 1st period - Icing by T.J. Brodie. 12:48 of 1st period - Alex Galchenyuk wins face-off versus Valtteri Filppula in UTAH ICE BEARS zone. 13:00 of 1st period - Shot by Anthony Mantha. 13:00 of 1st period - Stopped by Mitch Gillam without a rebound. 13:01 of 1st period - Valtteri Filppula wins face-off versus Dominic Toninato in UTAH ICE BEARS zone. 13:28 of 1st period - Icing by MacKenzie Weegar. 13:29 of 1st period - Adam Mascherin wins face-off versus Devin Shore in UTAH ICE BEARS zone. 13:33 of 1st period - Off-side. 13:34 of 1st period - Devin Shore wins face-off versus Casey Mittelstadt in neutral zone. 14:59 of 1st period - Shot by Tanner Pearson. 14:59 of 1st period - Shot Misses the Net. 15:28 of 1st period - Off-side. 15:29 of 1st period - Artem Anisimov wins face-off versus Loui Eriksson in neutral zone. 15:43 of 1st period - Shot by Casey Mittelstadt. 15:43 of 1st period - Shot Misses the Net. 15:45 of 1st period - Shot by T.J. Brodie. 15:45 of 1st period - Shot Misses the Net. 15:47 of 1st period - Shot by Artem Anisimov. 15:47 of 1st period - Stopped by Jake Allen without a rebound. 15:48 of 1st period - Dominic Toninato wins face-off versus Oscar Lindberg in EDMONTON ICE zone. 16:13 of 1st period - Shot by Devin Shore. 16:13 of 1st period - Shot Misses the Net. 16:15 of 1st period - Shot by Devin Shore. 16:15 of 1st period - Shot Misses the Net. 16:49 of 1st period - Shot by Eric Fehr. 16:49 of 1st period - Stopped by Mitch Gillam without a rebound. 16:50 of 1st period - Valtteri Filppula wins face-off versus Casey Mittelstadt in UTAH ICE BEARS zone. 16:53 of 1st period - Shot by Tanner Pearson. 16:53 of 1st period - Stopped by Mitch Gillam with a rebound. 17:06 of 1st period - Icing by MacKenzie Weegar. 17:07 of 1st period - Eric Fehr wins face-off versus Casey Mittelstadt in UTAH ICE BEARS zone. 17:09 of 1st period - Loui Eriksson is hit by MacKenzie Weegar and loses puck. 17:31 of 1st period - Icing by Kevin Shattenkirk. 17:32 of 1st period - Devin Shore wins face-off versus Casey Mittelstadt in UTAH ICE BEARS zone. 17:38 of 1st period - Patric Hornqvist is hit by Kevin Shattenkirk and loses puck. 17:57 of 1st period - Icing by Patric Hornqvist. 17:58 of 1st period - Alex Galchenyuk wins face-off versus Patric Hornqvist in EDMONTON ICE zone. 18:17 of 1st period - Shot by Conor Sheary. 18:17 of 1st period - Stopped by Mitch Gillam with a rebound. 18:19 of 1st period - Shot by Oscar Klefbom. 18:19 of 1st period - Goal by Oscar Klefbom - UTAH ICE BEARS : 0 - EDMONTON ICE : 3. 18:20 of 1st period - V